 Dungeon Crawl Stone Soup version 0.32-a0-20-ge526923d97 (webtiles) character file.

Game seed: 13734064854200939458

251581 LustLizard the Earth Mage (level 19, 0/96 HPs)
             Began as a Gargoyle Earth Elementalist on Jan 17, 2024.
             Was the Champion of Hepliaklqana.
             Shot with a bolt by a yaktaur (16 damage)
             ... led by a yaktaur captain
             ... on level 2 of the Vaults.
             The game lasted 01:37:54 (44265 turns).

LustLizard the Earth Mage (GrEE)                   Turns: 44265, Time: 01:37:54

Health: 0/96       AC: 34    Str: 21    XL:     19   Next: 66%
Magic:  3/34       EV: 10    Int: 25    God:    Hepliaklqana [******]
Gold:   3100       SH: 11    Dex: 12    Spells: 11/40 levels left

rFire   + . .        J - +8 whip "Liusmigo" {flame, ^Drain rN+ Str+3 Int+2}
rCold   + . .        d - +1 kite shield {reflect}
rNeg    + + .        R - +0 acid dragon scales
rPois   ∞            j - +2 helmet
rElec   +            E - scarf {rC+ rF+}
rCorr   +            Z - +0 pair of gloves of Distant Shores {Str+2 Int+2}
SInv    .            t - +2 pair of boots
Will    +....        V - amulet of Xom's Favour {Acrobat rCorr Str+3}
Stlth   +            o - +4 ring of protection
HPRegen 0.36/turn    S - +4 ring of slaying
MPRegen 0.24/turn

%: reflection, acrobat
@: flying, contaminated, glowing
A: reduced essence, sickness immunity, AC +14, big wings, negative energy
resistance 1, electricity resistance, torment resistance 1, petrification
resistance, frail 1
}: 2/15 runes: decaying, gossamer
a: Renounce Religion, Recall Ancestor, Ancestor Identity, Transference, Idealise


You were on level 2 of the Vaults.
You worshipped Hepliaklqana.
Hepliaklqana was exalted by your worship.
You visited 6 branches of the dungeon, and saw 32 of its levels.
You also visited: Ice Cave.

You collected 3100 gold pieces.

Inventory:

Hand Weapons
 J - the +8 whip "Liusmigo" (weapon) {flame, ^Drain rN+ Str+3 Int+2}
   (You found it on level 10 of the Dungeon)

   Str+3:     It affects your strength (+3).
   Int+2:     It affects your intelligence (+2).
   rN+:       It protects you from negative energy.
   ^Drain:    It drains your maximum health when unequipped.
Armour
 d - a +1 kite shield of reflection (worn)
 j - a +2 helmet (worn)
 s - a +2 cloak of willpower
 t - a +2 pair of boots (worn)
 E - a scarf of resistance (worn)
 R - +0 acid dragon scales (worn)
 U - a +2 buckler of cold resistance
 Z - the +0 pair of gloves of Distant Shores (worn) {Str+2 Int+2}
   (You found it on level 5 of the Lair of Beasts)

   Str+2:     It affects your strength (+2).
   Int+2:     It affects your intelligence (+2).
Jewellery
 o - a +4 ring of protection (left hand)
 H - a +4 ring of protection
 K - a +6 ring of strength
 S - a +4 ring of slaying (right hand)
 V - the amulet of Xom's Favour (around neck) {Acrobat rCorr Str+3}
   (You found it in an ice cave)

   [amulet of the acrobat]

   Acrobat:   It increases your evasion while moving and waiting.
   Str+3:     It affects your strength (+3).
   rCorr:     It protects you from acid and corrosion.
 W - a ring of protection from cold
 X - a ring of fire
 Y - a +6 ring of dexterity
Wands
 e - a wand of light (11)
 m - a wand of mindburst (7)
 y - a wand of polymorph (16)
 z - a wand of paralysis (24)
 D - a wand of roots (45)
 M - a wand of flame (30)
 P - a wand of digging (17)
Scrolls
 a - a scroll of silence
 g - 2 scrolls of fog
 h - 12 scrolls of teleportation
 p - a scroll of fear
 w - 4 scrolls of brand weapon
 A - 2 scrolls of poison
 C - 2 scrolls of torment
 G - 4 scrolls of revelation
 L - 3 scrolls of identify
 O - 2 scrolls of immolation
 Q - a scroll of butterflies
Potions
 b - 2 potions of magic
 c - 4 potions of might
 f - a potion of berserk rage
 i - 5 potions of heal wounds
 k - a potion of invisibility
 l - 5 potions of mutation
 n - 2 potions of resistance
 r - 5 potions of attraction
 v - 4 potions of enlightenment
 x - 2 potions of lignification
 B - 7 potions of curing
 I - 6 potions of brilliance
 N - 2 potions of haste
Miscellaneous
 F - a box of beasts (inert)
 T - a condenser vane


   Skills:
 + Level 13.5 Fighting
 * Level 15.1 Maces & Flails
 - Level 8.2 Armour
 - Level 1.5 Dodging
 - Level 5.0 Stealth
 + Level 9.2 Shields
 + Level 11.3 Spellcasting
 + Level 15.3 Conjurations
 - Level 4.0 Translocations
 - Level 4.0 Air Magic
 + Level 18.6 Earth Magic
 - Level 5.0 Alchemy
 - Level 8.0 Invocations
 - Level 7.0 Evocations


You had 11 spell levels left.
You knew the following spells:

 Your Spells              Type           Power      Damage    Failure   Level
a - Sandblast             Erth           100%       2d20      0%          1
b - Stone Arrow           Conj/Erth      100%       3d13      1%          3
c - Brom's Barrelling Bo  Conj/Erth      78%        2d9       1%          4
d - Swiftness             Air            34%        N/A       6%          3
e - Blink                 Tloc           68%        N/A       3%          2
f - Irradiate             Conj/Alch      30%        3d21      4%          5
g - Lee's Rapid Deconstr  Erth           41%        3d20*     1%          5
h - Bombard               Conj/Erth      39%        9d7       1%          6

Your spell library contained the following spells:

 Spells                   Type           Power      Damage    Failure   Level
 Passwall                 Erth           82%        N/A       0%          3
 Apportation              Tloc           68%        N/A       1%          1
 Foxfire                  Conj/Fire      100%       2x1d9     1%          1
 Magic Dart               Conj           100%       1d8       1%          1
 Momentum Strike          Conj/Tloc      100%       3d10      1%          2
 Dazzling Flash           Conj/Hex       100%       N/A       1%          3
 Hailstorm                Conj/Ice       51%        3d10      1%          3
 Iskenderun's Mystic Bla  Conj/Tloc      58%        2d12      1%          4
 Leda's Liquefaction      Alch/Erth      32%        N/A       1%          4
 Petrify                  Alch/Erth      65%        N/A       1%          4
 Animate Armour           Summ/Erth      100%       N/A       2%          4
 Lesser Beckoning         Tloc           68%        N/A       3%          2
 Gell's Gravitas          Tloc           34%        N/A       6%          3
 Teleport Other           Tloc           34%        N/A       6%          3
 Freeze                   Ice            56%        1d7       11%         1
 Volatile Blastmotes      Fire/Tloc      48%        2d14      14%         3
 Call Imp                 Summ           28%        N/A       16%         2
 Ensorcelled Hibernation  Hex/Ice        28%        N/A       16%         2
 Jinxbite                 Hex            28%        N/A       16%         2
 Frozen Ramparts          Ice            28%        1d5       30%         3
 Summon Ice Beast         Ice/Summ       14%        N/A       30%         3
 Tukima's Dance           Hex            14%        N/A       30%         3
 Alistair's Intoxication  Alch           26%        N/A       34%         5
 Dimensional Bullseye     Hex/Tloc       12%        N/A       41%         4
 Lehudib's Crystal Spear  Conj/Erth      39%        10d10     52%         8
 Starburst                Conj/Fire      25%        6d8       54%         6
 Dispel Undead            Necr           14%        3d10      71%         4
 Martyr's Knell           Necr/Summ      14%        N/A       71%         4
 Yara's Violent Unravell  Hex/Alch       13%        3d7       71%         5
 Summon Mana Viper        Hex/Summ       14%        N/A       96%         5
 Death Channel            Necr           7%         N/A       100%        6
 Plasma Beam              Fire/Air       12%        2x1d23    100%        6
 Enfeeble                 Hex            7%         N/A       100%        7
 Monstrous Menagerie      Summ           7%         N/A       100%        7
 Summon Hydra             Summ           7%         N/A       100%        7
 Maxwell's Capacitive Co  Air            17%        ∞         100%        8
 Cigotuvi's Dreadful Rot  Necr/Alch/Air  Unusable   N/A       N/A         2
 Sublimation of Blood     Necr           Unusable   N/A       N/A         2

Dungeon Overview and Level Annotations

Branches:
Dungeon (15/15)            Temple (0/1) D:4            Lair (5/5) D:8
  Swamp (4/4) Lair:3       Spider (4/4) Lair:2        Slime (0/5) Lair:4
    Orc (2/2) D:12            Elf (0/3) Orc:2        Vaults (2/5) D:13
 Depths (0/4) D:15          IceCv (visited)
  Crypt: Vaults:2-3

Altars:
Cheibriados
Dithmenos
Hepliaklqana
Qazlal
Uskayaw
Vehumet
Xom
Jiyva

Shops:
D:8 =   D:13 *   Orc:1 [   Orc:2 ((=(   Vaults:1 [

Annotations:
D:14 1 transporter, waq's ghost, journeyman MfFi
Spider:4 1 runed translucent door, Ambrosia's ghost, adept MiBe


Innate Abilities, Weirdness & Mutations

Your life essence is reduced to manifest your ancestor. (-10% HP)
You are immune to sickness and miasma.
Your stone body is resilient. (AC +14)
You are immune to poison.
Your large and strong wings let you fly.
You resist negative energy. (rN+)
You are resistant to electric shocks. (rElec)
You are resistant to unholy torment.
You are immune to petrification.
You are frail. (-10% HP)


Message History

Confirm with . or Enter, or press ? or * to list all spells.
You erupt in a fountain of uncontrolled magic!
The yaktaur is blasted with magical radiation!!
The yaktaur is almost dead.
The yaktaur twists and deforms.
The dire elephant is blasted with magical radiation!!
The dire elephant is severely wounded.
You are very lightly contaminated with residual magic.
You block the dire elephant's attack. The dire elephant closely misses you.
Casting: Irradiate (dangerous; 4% risk of failure)
Confirm with . or Enter, or press ? or * to list all spells.
You erupt in a fountain of uncontrolled magic!
The yaktaur is blasted with magical radiation!!
The yaktaur is almost dead.
The yaktaur twists and deforms.
The dire elephant is blasted with magical radiation!!
The dire elephant is almost dead.
You are lightly contaminated with residual magic.
You block the dire elephant's attack. The dire elephant trunk-slaps you!
* * * LOW HITPOINT WARNING * * *
Unknown command.
Casting: Irradiate (dangerous; 4% risk of failure)
Confirm with . or Enter, or press ? or * to list all spells.
You erupt in a fountain of uncontrolled magic!
The yaktaur is blasted with magical radiation!!
You kill the yaktaur!
The dire elephant is blasted with magical radiation!
The dire elephant is almost dead.
You are contaminated with residual magic.
The dire elephant tramples you but does no damage.
You block the dire elephant's attack.
Casting: Irradiate (dangerous; 4% risk of failure)
Confirm with . or Enter, or press ? or * to list all spells.
You erupt in a fountain of uncontrolled magic!
The yaktaur is blasted with magical radiation!!
You kill the yaktaur!
The dire elephant is blasted with magical radiation!!
You kill the dire elephant!
The yaktaur wields a +0 arbalest.
The yaktaur shoots a bolt.
The bolt hits you!
You die...

#..c #. #..###
# #. #.†..# .#
## #....#..#
#.).....#
###'#########
#c.....##.##
##
#†)###.....###
##. #@##
###.....###..
###
##.##......
##########
############
#..........)


You could see a yaktaur.

Vanquished Creatures
  Donald (Spider:2)
  2 azure jellies
  Roxanne (Spider:4)
  4 emperor scorpions
  A frost giant (Vaults:2)
  4 vault wardens
  4 ghost moths
  2 broodmothers (Spider:4)
  An orc warlord (Orc:2)
  Louise (Swamp:3)
  A quicksilver ooze (IceCv)
  4 ironbound preservers
  An ironbound thunderhulk (Vaults:2)
  Nessos (D:13)
  5 eleionomae
  2 dire elephants
  Azrael (D:15)
  3 bunyips
  5 spark wasps
  Snorg (Orc:1)
  A crystal guardian (Vaults:2)
  A yaktaur captain (Vaults:2)
  2 vault guards
  4 entropy weavers
  4 ice dragons
  11 hydras
  2 spriggan air magi (Swamp:2)
  2 alligators
  A catoblepas (Lair:5)
  6 boulder beetles
  8 centaur warriors
  3 ironbound frosthearts
  A jorogumo (Spider:3)
  A death yak (Lair:1)
  An ogre mage (D:15)
  An anaconda (Lair:1)
  A dancing weapon (D:13)
  A death scarab (Spider:3)
  5 two-headed ogres
  A deep troll earth mage (D:15)
  3 demonic crawlers
  An orc high priest (Orc:2)
  A spriggan berserker (Swamp:2)
  2 skysharks
  2 skeletal warriors (D:15)
  2 goliath frogs
  2 pharaoh ants (Spider:2)
  7 deep trolls (Vaults:1)
  2 orb spiders (Spider:4)
  A sun moth (Spider:4)
  A death drake (Swamp:4)
  A swamp dragon (Swamp:1)
  2 phantasmal warriors (Vaults:2)
  A spriggan druid (Swamp:2)
  4 steelbarb worms
  5 orc knights
  3 bog bodies
  5 ironbound convokers
  A harpy (shapeshifter) (D:15)
  7 lindwurms
  A necromancer (Vaults:2)
  13 wolf spiders
  A cyclops (D:13)
  Maurice (Orc:1)
  4 orc sorcerers (Orc:2)
  5 manticores
  2 will-o-the-wisps
  2 ugly things (D:15)
  14 elephants
  3 moths of wrath
  2 kobold blastminers (Orc:2)
  5 meliai
  2 black mambas
  A vault sentinel (Vaults:1)
  An ice statue (IceCv)
  3 torpor snails
  2 rime drakes (Lair:3)
  6 cane toads
  2 freezing wraiths (Swamp:4)
  3 komodo dragons
  5 yaktaurs
  A queen bee (shapeshifter) (D:13)
  3 trolls (Orc:2)
  A bloated husk (Swamp:4)
  12 hornets
  2 polar bears (Lair:1)
  18 tarantellas
  11 blink frogs
  8 tyrant leeches
  5 dream sheep (Lair:5)
  16 jumping spiders
  A water elemental (D:15)
  16 culicivoras
  12 slime creatures
  A vampire (D:12)
  3 spriggans
  21 yaks
  A fire elemental (D:15)
  6 wyverns
  A basilisk (Lair:2)
  5 swamp worm simulacra (Swamp:4)
  3 steam dragons
  3 wargs
  18 vampire mosquitoes
  18 redbacks
  An acid dragon (D:12)
  An acid dragon (shapeshifter) (D:14)
  A hell hound (D:15)
  8 water moccasins
  8 swamp worms
  12 hydra simulacra (Swamp:4)
  A laughing skull (D:15)
  30 orc warriors
  2 ice beasts
  A sky beast (D:8)
  7 ogres
  19 wolves
  6 centaurs
  2 phantoms
  2 slime creature simulacra (IceCv)
  11 bullfrogs
  A gnoll sergeant (D:7)
  A glowing shapeshifter simulacrum (IceCv)
  3 scorpions (D:5)
  Dowan (D:4)
  2 killer bees (D:9)
  An electric eel (D:15)
  A howler monkey (D:8)
  A bombardier beetle (D:5)
  A hound (D:4)
  A jelly (D:6)
  25 orc priests
  Crazy Yiuf (D:3)
  An iguana (D:5)
  9 hell rats
  2 mutant beasts (D:8)
  14 orc wizards
  3 shapeshifter simulacra (IceCv)
  3 gnolls
  4 adders
  5 river rats (Lair:3)
  A white imp (D:6)
  2 swamp drake simulacra (Swamp:4)
  3 dart slugs
  72 orcs
  11 ball pythons
  6 bats
  2 endoplasms
  3 giant cockroaches
  14 goblins
  9 hobgoblins
  9 jackals
  5 kobolds
  5 quokkas
  4 frilled lizards
  10 rats
767 creatures vanquished.

Vanquished Creatures (collateral kills)
  Arachne (Spider:2)
  Norris (Vaults:2)
  Jorgrun (Orc:2)
  Rupert (D:15)
  A tentacled monstrosity (Swamp:4)
  Agnes (Spider:4)
  A tengu reaver (Vaults:2)
  Aizul (Spider:3)
  A vault warden (Vaults:1)
  A formless jellyfish (Vaults:1)
  An ironbound thunderhulk (Vaults:1)
  2 eleionomae
  2 dire elephants (Vaults:2)
  A bunyip (Swamp:3)
  An entropy weaver (Spider:2)
  2 vault guards (Vaults:1)
  Erica (Orc:1)
  A rakshasa (D:15)
  4 boulder beetles
  A hydra (Swamp:3)
  2 centaur warriors
  An ironbound frostheart (Vaults:2)
  A jorogumo (Spider:4)
  4 alligators
  2 two-headed ogres
  3 orc high priests (Orc:2)
  4 demonic crawlers
  A death yak (Lair:1)
  Sonja (Lair:4)
  3 spriggans
  A skyshark (Lair:2)
  7 pharaoh ants
  2 skeletal warriors (D:15)
  2 deep trolls (Vaults:1)
  A spriggan druid (Swamp:4)
  2 goliath frogs
  2 swamp dragons (Swamp:4)
  4 orb spiders
  A bog body (Swamp:3)
  Pikel (D:4)
  4 lindwurms
  A steelbarb worm (Spider:1)
  4 ironbound convokers
  A deep elf pyromancer (D:13)
  An orc knight (Orc:1)
  6 wolf spiders
  2 ugly things (D:14)
  3 orc sorcerers
  2 will-o-the-wisps
  2 cyclopes
  A meliai (D:13)
  2 moths of wrath
  11 elephants
  3 vault sentinels (Vaults:1)
  2 ice statues (IceCv)
  2 black mambas
  11 cane toads
  3 torpor snails (Lair:5)
  An efreet (D:13)
  2 freezing wraiths (Swamp:4)
  A yaktaur (Vaults:2)
  5 komodo dragons
  2 bloated husks
  5 tyrant leeches
  9 hornets
  11 tarantellas
  9 blink frogs
  A dream sheep (Lair:5)
  16 slime creatures
  13 jumping spiders
  4 culicivoras
  A water elemental (D:15)
  A wraith (D:12)
  A vampire (D:12)
  2 wyverns
  13 yaks
  4 fire elementals (D:15)
  A swamp worm simulacrum (Swamp:4)
  A steam dragon (D:9)
  12 vampire mosquitoes
  17 redbacks
  11 swamp worms
  An acid dragon (D:11)
  7 water moccasins
  A water moccasin (shapeshifter) (D:15)
  2 great orb of eyes simulacra (IceCv)
  A hydra simulacrum (Swamp:4)
  2 hell hounds (D:15)
  A black bear (Lair:1)
  20 orc warriors
  Duvessa (D:4)
  A sky beast (D:7)
  4 ogres
  7 wolves
  2 centaurs
  A slime creature simulacrum (IceCv)
  8 bullfrogs
  3 scorpions
  2 mutant beasts (D:8)
  A killer bee (D:9)
  2 howler monkeys (D:9)
  2 bombardier beetles
  A gnoll bouda (D:7)
  2 hounds (D:5)
  7 orc priests
  2 iguanas
  13 orc wizards
  Ijyb (D:3)
  3 hell rats
  2 shapeshifter simulacra (IceCv)
  An adder (D:6)
  6 gnolls
  A river rat (Lair:3)
  26 orcs
  2 goblins
  5 jackals
  A quokka (D:5)
  A ball python (D:3)
  2 rats
420 creatures vanquished.

Vanquished Creatures (others)
  A manticore (D:15)
  2 bloated husks
  An orc warrior (Orc:2)
  47 battlemagi
  An ancestor (D:3)
  A boulder (D:12)
  10 foxfires
63 creatures vanquished.

Grand Total: 1250 creatures vanquished

Notes
Turn   | Place    | Note
-------+----------+-------------------------------------------
     0 | D:1      | LustLizard the Gargoyle Earth Elementalist began the quest
                  | for the Orb.
     0 | D:1      | Reached XP level 1. HP: 10/10 MP: 3/3
   214 | D:1      | Reached XP level 2. HP: 15/15 MP: 3/5
   525 | D:1      | Reached skill level 4 in Earth Magic
   525 | D:1      | Reached XP level 3. HP: 20/20 MP: 2/6
  1227 | D:2      | Reached skill level 1 in Fighting
  1437 | D:2      | Found a faded altar of an unknown god.
  1459 | D:2      | Reached XP level 4. HP: 21/25 MP: 7/7
  1461 | D:2      | Prayed at the altar of an unknown god.
  1461 | D:2      | Became a worshipper of Hepliaklqana the Forgotten
  1461 | D:2      | Reached * piety under Hepliaklqana
  1987 | D:3      | Noticed Ijyb
  2123 | D:3      | Learned a level 3 spell: Stone Arrow
  2380 | D:3      | Killed Ijyb
  2384 | D:3      | Reached XP level 5. HP: 17/26 MP: 8/8
  2741 | D:3      | Found a runed translucent door.
  2742 | D:3      | Noticed Crazy Yiuf
  2751 | D:3      | Killed Crazy Yiuf
  2912 | D:3      | Learned a level 4 spell: Brom's Barrelling Boulder
  2941 | D:4      | Reached ** piety under Hepliaklqana
  2942 | D:4      | Remembered your ancestor Eideard as a battlemage
  2955 | D:4      | Noticed a wyvern
  3012 | D:4      | Noticed a phantom
  3019 | D:4      | Killed a phantom
  3020 | D:4      | Reached XP level 6. HP: 31/31 MP: 5/10
  3181 | D:4      | Reached skill level 5 in Earth Magic
  3368 | D:4      | Found a staircase to the Ecumenical Temple.
  3418 | D:4      | Reached XP level 7. HP: 21/36 MP: 11/11
  3480 | D:4      | Found a stormy altar of Qazlal.
  3498 | D:4      | Noticed Pikel
  3508 | D:4      | Killed Pikel
  3509 | D:4      | Reached skill level 5 in Stealth
  3509 | D:4      | Reached skill level 5 in Conjurations
  3509 | D:4      | Reached skill level 6 in Earth Magic
  3509 | D:4      | Reached XP level 8. HP: 40/41 MP: 11/13
  3702 | D:4      | Noticed Dowan
  3704 | D:4      | Noticed Duvessa
  3707 | D:4      | Killed Dowan
  3959 | D:4      | Killed Duvessa
  4366 | D:4      | Killed a wyvern
  4367 | D:4      | Reached skill level 7 in Earth Magic
  4395 | D:5      | Entered Level 5 of the Dungeon
  4524 | D:5      | Found a snail-covered altar of Cheibriados.
  4580 | D:5      | Found a hide-covered altar of Uskayaw.
  4888 | D:5      | Reached XP level 9. HP: 46/46 MP: 15/15
  4926 | D:5      | Reached *** piety under Hepliaklqana
  5085 | D:5      | Reached skill level 8 in Earth Magic
  5290 | D:6      | You fall into a shaft and drop 1 floor!
  5554 | D:7      | Reached skill level 5 in Fighting
  5561 | D:7      | Reached skill level 9 in Earth Magic
  5665 | D:7      | Found a shadowy altar of Dithmenos.
  5882 | D:7      | Reached skill level 5 in Spellcasting
  6112 | D:7      | Reached XP level 10. HP: 53/53 MP: 17/17
  6552 | D:6      | Found a hazy altar of Hepliaklqana.
  6721 | D:6      | Learned a level 3 spell: Swiftness
  6886 | D:8      | Reached **** piety under Hepliaklqana
  6893 | D:8      | Reached skill level 1 in Maces & Flails
  6893 | D:8      | Reached skill level 10 in Earth Magic
  7002 | D:8      | Found a staircase to the Lair.
  7128 | D:8      | Found a shimmering altar of Xom.
  7241 | D:8      | Found Naujuhit's Jewellery Emporium.
  7309 | D:8      | Found a radiant altar of Vehumet.
  7325 | D:8      | Learned a level 2 spell: Blink
  7524 | D:8      | Reached skill level 1 in Armour
  7538 | D:8      | Noticed a juvenile shocksting beast
  7598 | D:8      | Killed a juvenile shocksting beast
  7927 | D:9      | Reached skill level 1 in Air Magic
  8210 | D:9      | Reached skill level 1 in Translocations
  8816 | D:10     | Entered Level 10 of the Dungeon
  9068 | D:10     | Identified the +8 whip "Liusmigo" {flame, ^Drain rN+ Str+3
                  | Int+2}
  9328 | D:10     | Noticed a two-headed ogre
  9332 | D:10     | Killed a two-headed ogre
  9333 | D:10     | Reached XP level 11. HP: 59/59 MP: 12/19
  9593 | D:11     | Noticed a cyclops
  9593 | D:11     | Reached ***** piety under Hepliaklqana
  9596 | D:11     | Killed a cyclops
  9597 | D:11     | Reached skill level 10 in Conjurations
  9597 | D:11     | Reached skill level 11 in Earth Magic
 10979 | D:12     | Found a staircase to the Orcish Mines.
 11053 | D:12     | Noticed a two-headed ogre
 11058 | D:12     | Killed a two-headed ogre
 11489 | D:12     | Found the +8 Vampire's Tooth {megavamp}
 11600 | D:12     | Noticed a two-headed ogre
 11605 | D:12     | Killed a two-headed ogre
 11606 | D:12     | Reached skill level 5 in Maces & Flails
 11650 | D:12     | Noticed a boulder beetle
 11930 | D:12     | Killed a boulder beetle
 12234 | Lair:1   | Entered Level 1 of the Lair of Beasts
 12240 | Lair:1   | Reached XP level 12. HP: 64/64 MP: 9/21
 12336 | Lair:1   | Noticed a boulder beetle
 12344 | Lair:1   | Killed a boulder beetle
 12525 | Lair:1   | Reached skill level 12 in Earth Magic
 13066 | Lair:1   | Noticed a death yak
 13068 | Lair:1   | Noticed a death yak
 13297 | Lair:1   | Reached skill level 5 in Armour
 13389 | Lair:1   | Killed a death yak
 13393 | Lair:1   | Killed a death yak
 13728 | Lair:1   | Noticed an anaconda
 13733 | Lair:1   | Killed an anaconda
 13734 | Lair:1   | Reached XP level 13. HP: 70/70 MP: 12/23
 14011 | Lair:1   | Reached skill level 13 in Earth Magic
 14241 | Lair:1   | Noticed a dire elephant
 14251 | Lair:1   | Killed a dire elephant
 14402 | Lair:2   | Reached skill level 1 in Invocations
 14446 | Lair:2   | Reached ****** piety under Hepliaklqana
 14474 | Lair:2   | Reached skill level 1 in Evocations
 14499 | Lair:2   | Found a frozen archway.
 14652 | IceCv    | Entered an ice cave
 15116 | IceCv    | Reached skill level 1 in Shields
 15347 | IceCv    | Noticed a quicksilver ooze
 15351 | IceCv    | Noticed an azure jelly
 15352 | IceCv    | Killed a quicksilver ooze
 15356 | IceCv    | Killed an azure jelly
 15430 | IceCv    | Found a viscous altar of Jiyva.
 15455 | IceCv    | Identified the amulet of Xom's Favour {Acrobat rCorr Str+3}
 15640 | Lair:2   | Found a hole to the Spider Nest.
 15790 | Lair:2   | You fall into a shaft and drop 2 floors!
 16018 | Lair:3   | Learned a level 5 spell: Irradiate
 16173 | Lair:3   | Found a stormy altar of Qazlal.
 16820 | Lair:3   | Gained mutation: Your large and strong wings let you fly.
                  | [Gargoyle growth]
 16820 | Lair:3   | Reached XP level 14. HP: 75/75 MP: 20/25
 17081 | Lair:3   | Reached skill level 1 in Alchemy
 17142 | Lair:3   | Found a staircase to the Swamp.
 17319 | Lair:3   | Reached skill level 14 in Earth Magic
 17816 | Lair:4   | Noticed Sonja
 17819 | Lair:4   | Killed Sonja
 18243 | Lair:4   | Found a staircase to the Slime Pits.
 18243 | Lair:4   | Found a viscous altar of Jiyva.
 18775 | Lair:5   | Entered Level 5 of the Lair of Beasts
 19537 | Lair:5   | Reached skill level 5 in Shields
 19567 | Lair:5   | Identified the +0 pair of gloves of Distant Shores {Str+2
                  | Int+2}
 20415 | Lair:5   | Reached XP level 15. HP: 81/81 MP: 24/27
 20878 | Lair:5   | Identified the +3 ring mail "Rianam" {Int+3}
 21495 | Orc:1    | Entered Level 1 of the Orcish Mines
 21495 | Orc:1    | Noticed Snorg
 21499 | Orc:1    | Killed Snorg
 21614 | Orc:1    | Noticed Erica
 21619 | Orc:1    | Killed Erica
 21667 | Orc:1    | Noticed Maurice
 21673 | Orc:1    | Killed Maurice
 21895 | Orc:2    | Entered Level 2 of the Orcish Mines
 22333 | Orc:1    | Reached skill level 5 in Invocations
 22488 | Orc:1    | Reached skill level 15 in Earth Magic
 22728 | Orc:1    | Found Qazif's Antique Armour Boutique.
 22903 | Orc:2    | Noticed Jorgrun
 22911 | Orc:2    | Killed Jorgrun
 22912 | Orc:2    | Reached skill level 10 in Maces & Flails
 23427 | Orc:2    | Reached skill level 10 in Fighting
 23782 | Orc:2    | Found a staircase to the Elven Halls.
 24048 | Orc:2    | Noticed an orc warlord
 24075 | Orc:2    | Killed an orc warlord
 24329 | Orc:2    | Found Heriox's Weapon Boutique.
 24563 | Orc:2    | Found Nyssiacy's Antique Weapon Shop.
 25061 | Orc:2    | Reached skill level 5 in Alchemy
 25275 | Orc:2    | Found Tesel's Weapon Boutique.
 25286 | Orc:2    | Found Ciqoc's Jewellery Shop.
 25884 | D:13     | Found Wotelafuy's Changing Room.
 25900 | D:13     | Noticed Nessos
 25913 | D:13     | Reached XP level 16. HP: 61/87 MP: 8/28
 26035 | D:13     | Killed Nessos
 26196 | D:13     | Found a gate to the Vaults.
 26550 | D:14     | Found a radiant altar of Vehumet.
 26685 | D:14     | Found a transporter.
 26688 | D:14     | Noticed waq's ghost (journeyman MfFi)
 26700 | D:14     | Identified the +0 great mace of Misery {flame, rPois MP+9
                  | Int-5 SInv}
 27018 | D:14     | Identified a scroll of acquirement
 27019 | D:14     | Acquired a +1 buckler of protection
 27751 | Swamp:1  | Entered Level 1 of the Swamp
 27848 | Swamp:1  | Reached skill level 5 in Evocations
 28556 | Swamp:1  | Learned a level 5 spell: Lee's Rapid Deconstruction
 28563 | Swamp:1  | Learned a level 6 spell: Bombard
 28892 | Swamp:2  | Reached skill level 16 in Earth Magic
 30184 | Swamp:3  | Noticed Louise
 30215 | Swamp:3  | Killed Louise
 30910 | Swamp:4  | Entered Level 4 of the Swamp
 31575 | Swamp:4  | Reached XP level 17. HP: 85/93 MP: 19/30
 31753 | Swamp:4  | Noticed a tentacled monstrosity
 31756 | Swamp:4  | Killed a tentacled monstrosity
 32166 | Swamp:4  | Got a decaying rune of Zot
 32617 | Spider:1 | Entered Level 1 of the Spider Nest
 32763 | Spider:1 | Reached skill level 17 in Earth Magic
 33865 | Spider:2 | Noticed Donald
 33935 | Spider:2 | Noticed Arachne
 34315 | Spider:2 | Killed Donald
 34472 | Spider:2 | Killed Arachne
 35506 | Spider:3 | Identified the +5 scale mail of Amelioration {Fly rC++
                  | rCorr Str-5}
 35530 | Spider:3 | Reached skill level 10 in Spellcasting
 36024 | Spider:3 | Reached XP level 18. HP: 100/100 MP: 19/32
 36674 | Spider:3 | Identified the +4 war axe of Makhleb's Supremacy {drain,
                  | rElec Dex+3 SInv}
 36680 | Spider:3 | Identified the serpent talisman of Ignis's Reproof {rElec
                  | Str+3}
 36680 | Spider:3 | Noticed Aizul
 36692 | Spider:3 | Killed Aizul
 36963 | Spider:4 | Entered Level 4 of the Spider Nest
 36963 | Spider:4 | Noticed Roxanne
 36967 | Spider:4 | Killed Roxanne
 37284 | Spider:4 | Identified the +0 chain mail of Haunted Beauty {Rampage rC-
                  | Int+6 SInv}
 37451 | Spider:4 | Found a runed translucent door.
 38099 | Spider:4 | Noticed Agnes
 38105 | Spider:4 | Killed Agnes
 38994 | Spider:4 | Got a gossamer rune of Zot
 39137 | Spider:4 | Reached skill level 18 in Earth Magic
 39367 | Spider:4 | Noticed Ambrosia's ghost (adept MiBe)
 39563 | D:15     | Entered Level 15 of the Dungeon
 39566 | D:15     | Noticed Rupert
 39649 | D:15     | Gained mutation: You are frail. (-10% HP) [mutagenic glow]
 39830 | D:15     | Killed Rupert
 40092 | D:15     | Noticed Azrael
 40099 | D:15     | Killed Azrael
 40696 | D:15     | Found a staircase to the Depths.
 40796 | Vaults:1 | Entered Level 1 of the Vaults
 41061 | Vaults:1 | Reached XP level 19. HP: 94/94 MP: 30/33
 41682 | Vaults:1 | Reached skill level 15 in Conjurations
 42827 | Vaults:1 | Found Naas Umyax's Armour Emporium.
 43560 | Vaults:2 | Noticed Norris
 43569 | Vaults:2 | Killed Norris
 43711 | Vaults:2 | Reached skill level 15 in Maces & Flails
 44265 | Vaults:2 | Shot with a bolt by a yaktaur

Illustrated notes

Levels and vault maps discovered:
D:1:      dpeg_arrival_three_smaller_balls, layout_basic,
          roderic_nine_men_s_morris, minmay_hexomino_r4
D:2:      layout_basic, dreamdust_ecumenical_altar_statues
D:3:      layout_basic, uniq_ijyb, uniq_crazy_yiuf_cottage
D:4:      layout_loops_corners, mainiacjoe_overflow_cross_hatched,
          minmay_temple_entry_stoned_glass, uniq_duvessa, uniq_pikel
D:5:      layout_rooms, mainiacjoe_overflow_surrounded_room,
          mainiacjoe_overflow_concentric_impassable, dreamdust_wishing_well,
          kennysheep_generic_room_4
D:6:      layout_cave_pools, nicolae_hepliaklqana_hippocampus,
          hangedman_abyss_or_decor_slice
D:7:      layout_loops_ring, nicolae_dithmenos_through_a_glass_darkly
D:8:      layout_basic, mainiacjoe_overflow_small_starburst,
          mainiacjoe_overflow_alcove_1, dpeg_oklobed_lair, serial_shops,
          shop_coins, nicolae_beast_mode
D:9:      layout_loops_corners
D:10:     layout_rooms
D:11:     layout_loops_corners
D:12:     layout_loops_ring, orc_0_dummy, minmay_guarded_unrand_vampires_tooth
D:13:     layout_rooms, erik_vaults_1, nicolae_transmutations_shop, uniq_nessos
D:14:     layout_stronghold, vehumet_crystals, gammafunk_ghost_smash
D:15:     hellmonk_depths_entry_around_the_bend, layout_basic,
          chequers_serial_rivers_micro_c, uniq_azrael, uniq_rupert
Lair:1:   layout_regular_city, nicolae_lair_lakeside_cave,
          infiniplex_staircase_pool, serial_bayou_shore_b
Lair:2:   layout_regular_city, dummy_spider_entry,
          portal_ice_cave_entry_pillars_2
Lair:3:   layout_regular_city, minmay_swamp_entry_swarm, basic_altar,
          kennysheep_abandoned_house
Lair:4:   layout_hall_layers, slime_entry_1, minivault_19, minivault_24,
          grunt_megastairs_3, uniq_sonja
Lair:5:   wormcave, layout_long_grid
Swamp:1:  layout_basic_swamp, nicolae_swamp_ascending_descending, swamp_pool_1_2
Swamp:2:  layout_basic_swamp, nicolae_swamp_some_circles
Swamp:3:  layout_basic_swamp, evilmike_swamp_ruin_house_3, swamp_pool_1_2,
          uniq_louise
Swamp:4:  swamp_icy, layout_basic_swamp, swamp_pool_1_2, worms_lemuel
Spider:1: layout_spider_delve, dreamdust_wasp_nest
Spider:2: layout_spider_delve, nicolae_spider_twisty_arc_passages, uniq_arachne,
          uniq_donald
Spider:3: layout_cave_pods, uniq_aizul
Spider:4: spider_rune_water, gammafunk_ghost_grave, uniq_agnes, uniq_roxanne
Orc:1:    layout_caves, serial_shops, nicolae_lakefront_shop, special_room
          [special_room_orc], nicolae_orc_beogh_chapel, nicolae_orc_bridge_out,
          uniq_maurice, uniq_erica, uniq_snorg
Orc:2:    pubby_orc_utopia, uniq_jorgrun
Vaults:1: nicolae_vaults_storage_closets_3, vaults_room_door_ring,
          vaults_room_semicircle, v_rooms_5, nicolae_vaults_cochlea,
          layout_vaults_omnigrid, serial_shops, nicolae_diamond_shop
Vaults:2: v_rooms_3, v_misc_1, nicolae_vaults_network_star,
          nicolae_vaults_offset_grid_hallway_1, dpeg_vaults_monster_box,
          nicolae_vaults_little_squares_5, st_more_cells,
          ontoclasm_vaults_twist, hangedman_vaults_nails,
          nicolae_vaults_what_the_h, v_misc_13, v_misc_16,
          nicolae_vaults_bisected_slash, nicolae_vaults_angled_halls,
          layout_vaults_omnibox, serial_shops, nicolae_shop_gaudy_bauble,
          uniq_norris

Skill      XL: |  1  2  3  4  5  6  7  8  9 10 11 12 13 14 15 16 17 18 19 |
---------------+----------------------------------------------------------+-----
Earth Magic    | 4 5 6 7 9 10 11 12 13 14 15 16 17 18 | 18.6
Conjurations   | 2 3 4 5 7 8 9 10 11 12 13 14 15 | 15.3
Stealth        | 3 4 5 |  5.0
Fighting       | 1 2 3 4 5 6 7 8 9 10 11 12 13 | 13.5
Spellcasting   | 3 4 5 6 7 8 9 10 11 | 11.3
Maces & Flails | 3 5 7 8 9 10 11 13 14 15 | 15.1
Armour         | 2 4 5 6 7 8 |  8.2
Air Magic      | 1 3 4 |  4.0
Translocations | 1 3 4 |  4.0
Invocations    | 3 4 5 7 8 |  8.0
Evocations     | 2 3 4 5 6 7 |  7.0
Shields        | 3 5 6 8 9 |  9.2
Alchemy        | 3 5 |  5.0
Dodging        | |  1.5

Action                     |  1- 3 |  4- 6 |  7- 9 | 10-12 | 13-15 | 16-18 | 19-21 || total
---------------------------+-------+-------+-------+-------+-------+-------+-------++-------
  Melee: Club              |    45 |     9 |     7 |       |       |       |       ||    61
         Punch             |     1 |       |       |     5 |       |       |       ||     6
         Whip              |       |       |    15 |   127 |   402 |   567 |    55 ||  1166
   Cast: Sandblast         |    57 |    53 |    45 |    60 |   257 |   262 |    13 ||   747
         Stone Arrow       |       |     7 |    43 |   146 |   279 |    92 |     1 ||   568
         Brom's Barrelling |       |       |       |     1 |       |       |       ||     1
         Blink             |       |       |       |     1 |       |       |       ||     1
         Irradiate         |       |       |       |       |     8 |    22 |    16 ||    46
         Swiftness         |       |       |       |       |     1 |       |       ||     1
         Bombard           |       |       |       |       |       |   147 |    62 ||   209
         Lee's Rapid Decon |       |       |       |       |       |    19 |     3 ||    22
 Invoke: Recall Ancestor   |       |     1 |     2 |     2 |     5 |     4 |       ||    14
         Ancestor Life: Ba |       |     1 |       |       |       |       |       ||     1
         Idealise          |       |       |       |     1 |       |       |       ||     1
  Evoke: Wand              |       |       |       |       |     2 |     3 |     5 ||    10
         Box of beasts     |       |       |       |       |     1 |     2 |     1 ||     4
         Condenser vane    |       |       |       |       |     1 |     1 |       ||     2
    Use: Potion            |       |     3 |       |       |     4 |     2 |     4 ||    13
         Scroll            |       |       |     8 |     1 |     9 |    10 |     7 ||    35
   Stab: Distracted        |       |       |       |       |     3 |     6 |     1 ||    10
         Sleeping          |       |       |       |       |       |     1 |       ||     1
 Armour: Robe              |    45 |    15 |    26 |    68 |       |       |       ||   154
         Acid dragon scale |       |       |       |   118 |   423 |   565 |    90 ||  1196
  Dodge: Dodged            |    39 |     5 |    19 |   126 |   244 |   294 |    57 ||   784
  Block: Buckler           |       |       |       |       |   149 |   163 |       ||   312
         Kite shield       |       |       |       |       |       |     4 |    56 ||    60
         Reflection        |       |       |       |       |       |     1 |    11 ||    12

Table legend: (Time is in decaauts)
 A = Elapsed time spent in this place.
 B = Non-inter-level travel time spent in this place.
 C = Inter-level travel time spent in this place.
 D = Time resting spent in this place.
 E = Time spent auto-exploring this place.
 F = Levels seen in this place.
 G = Mean time per level.
                   A        B        C        D        E       F      G
               +--------+--------+--------+--------+--------+-----+--------+
         Total |  44267 |  42276 |   1991 |   2839 |  32193 |  33 | 1341.4 |
       Dungeon |  15926 |  14792 |   1134 |    770 |  11772 |  15 | 1061.7 |
          Lair |   8450 |   8015 |    435 |    379 |   5985 |   5 | 1690.0 |
         Swamp |   4797 |   4687 |    110 |    324 |   3459 |   4 | 1199.2 |
   Spider Nest |   6678 |   6508 |    170 |    704 |   4760 |   4 | 1669.5 |
  Orcish Mines |   4068 |   3969 |     99 |    372 |   2871 |   2 | 2034.0 |
        Vaults |   3439 |   3398 |     41 |    224 |   2803 |   2 | 1719.5 |
      Ice Cave |    907 |    907 |      0 |     65 |    543 |   1 |  907.0 |
               +--------+--------+--------+--------+--------+-----+--------+

Top non-repeatable levels by time:
   Orc:2: 3006 daAuts
Vaults:1: 2617 daAuts
  Lair:5: 2549 daAuts
  Lair:1: 2231 daAuts
Spider:3: 2072 daAuts
Spider:4: 2049 daAuts
 Swamp:4: 1604 daAuts
     D:4: 1474 daAuts
    D:12: 1424 daAuts
  Lair:3: 1383 daAuts
Spider:1: 1378 daAuts
 Swamp:2: 1337 daAuts
    D:14: 1278 daAuts
    D:11: 1260 daAuts
  Lair:4: 1214 daAuts
